cohdb
Replays
Latest Replays
All Replays
Popular Replays
Top Player Replays
Match Explorer
How It Works
Community
CoH3 Stats
Reddit
Sign in to upload your games and track your stats! →
Sign in with Steam
Match 40936810
Unlisted
Match 40936810
Overview
Messages
Build Orders
End
Kradschützen Motorcycle Team
Panzergrenadier Squad
Panzergrenadier Squad
Construct Light Support Kompanie
MG34 Team
2.5-tonne Medical Truck
Fire Support Elements
Veteran Squad Leaders
Flakvierling Half-track
Pak 38 Mechanized Group
Combat Half-tracks
le.IG 18 Support Gun Team
Selects Italian Infantry
Selects Guastatori Squad
Guastatori Squad
Selects Sound the Alarm
Selects Prepared Positions
Construct Panzerarmee Kommand
Guastatori Squad
Pak 38 Mechanized Group
Construct Panzerarmee Kommand
Selects Registered Artillery
Registered Artillery
Pak 38 Mechanized Group
HulkSMASH
PAX AJAX
0
0
Comments
sign in to comment!
No comments posted yet!